 Dungeon Crawl Stone Soup version 0.26.1-2-gb8aa6d0cf2 (webtiles) character file.

Game seed: 2652592984912588310

1077 dohliylev the Shield-Bearer (level 8, -7/48 HPs)
             Began as a Gargoyle Fighter on Mar 28, 2021.
             Mangled by an orc warrior
             ... wielding a +0 falchion
              (9 damage)
             ... on level 5 of the Dungeon.
             The game lasted 00:06:04 (4309 turns).

dohliylev the Shield-Bearer (Gargoyle Fighter)      Turns: 4309, Time: 00:06:04

Health: -7/48      AC: 17    Str: 22    XL:     8   Next: 29%
Magic:  8/8        EV:  9    Int:  9    God:
Gold:   233        SH: 10    Dex:  9    Spells: 7/7 levels left

rFire    x . .     SeeInvis +   a - +0 war axe
rCold    + . .     Faith    .   c - +0 kite shield
rNeg     + . .     Spirit   .   m - +2 scale mail {Will+}
rPois    ∞         Reflect  .   (no helmet)
rElec    +         Harm     .   o - +0 cloak
rCorr    .         Rampage  .   (no gloves)
Will     +....                  u - +0 pair of boots
Stlth    ..........             (no amulet)
HPRegen  0.16/turn              s - ring of see invisible
MPRegen  0.11/turn              t - ring of ice

@: no status effects
A: negative energy resistance 1, electricity resistance, unbreathing,
petrification resistance, miasma immunity, AC +5
a: no special abilities


You were on level 5 of the Dungeon.
You visited 1 branch of the dungeon, and saw 5 of its levels.

You collected 233 gold pieces.

Inventory:

Hand Weapons
 a - a +0 war axe (weapon)
Armour
 c - a +0 kite shield (worn)
 m - a +2 scale mail of willpower (worn)
 o - a +0 cloak (worn)
 u - a +0 pair of boots (worn)
Jewellery
 s - a ring of see invisible (left hand)
 t - a ring of ice (right hand)
 v - a cursed ring of ice
Scrolls
 b - 2 scrolls of enchant weapon {unknown}
 g - 3 scrolls of enchant armour {unknown}
 h - 4 scrolls of identify {unknown}
 i - 2 scrolls of fear {unknown}
 j - 4 scrolls of immolation {unknown}
 p - 3 scrolls of remove curse {unknown}
 w - a scroll of amnesia {unknown}
 x - a scroll of magic mapping {unknown}
Potions
 d - 2 potions of might
 e - a potion of lignification {unknown}
 f - a potion of attraction {unknown}
 k - a potion of brilliance {unknown}
 l - a potion of heal wounds {unknown}
 n - 4 potions of flight {unknown}
 q - a potion of curing {unknown}
 r - a potion of ambrosia {unknown}


   Skills:
 + Level 4.7 Fighting
 + Level 5.6 Axes
 + Level 4.9 Armour
 + Level 2.4 Dodging
 + Level 6.1 Shields


You had 7 spell levels left.
You didn't know any spells.
Your spell library was empty.

Dungeon Overview and Level Annotations

Branches:
Dungeon (5/15)
 Temple: D:4-7

Altars:
Elyvilon
Gozag
Kikubaaqudgha
Yredelemnul

Shops:
D:5 (

Annotations:
D:4 2 transporters, Menkaure


Innate Abilities, Weirdness & Mutations

You are resistant to torment.
Your stone body is resilient. (AC +5)
You are immune to poison.
You resist negative energy. (rN+)
You are resistant to electric shocks. (rElec)
You can survive without breathing.
You are immune to petrification.
You are immune to miasma.


Message History

The gnoll sergeant hits you but does no damage.
You hit the orc warrior.
The orc warrior is moderately wounded.
You block the orc warrior's attack. You block the gnoll sergeant's attack.
You hit the orc warrior.
The orc warrior is moderately wounded.
The orc warrior hits you but does no damage.
The gnoll sergeant closely misses you.
The orc warrior hits you with a +0 falchion!
* * * LOW HITPOINT WARNING * * *
Your shield prevents you from hitting the orc warrior.
The orc warrior is moderately wounded.
The gnoll sergeant hits you but does no damage.
The orc warrior hits you with a +0 falchion.
* * * LOW HITPOINT WARNING * * *
You hit the orc warrior but do no damage.
The orc warrior is moderately wounded.
You block the gnoll sergeant's attack.
The orc warrior hits you with a +0 falchion!
You die...

## ..#### ......#
...... ##...
#)#...## ##....#
..#g#### ..#.o@.#
.......##.# .#.#
####.####.###
.#.#.#
#.##.....##
.#.#.#
#.#.8...8.#
.#.#.#
#.#.......#
.#.#.#
#####....._.....#
.#.#(#
#.....#.......#.#
.#.#.#
#.###.#.8...8.#.#


You could see an orc warrior and a gnoll sergeant.

Vanquished Creatures
  Grinder (D:4)
  A sky beast (D:5)
  An orc warrior (D:5)
  An ogre (D:4)
  Blork the orc (D:5)
  A gnoll sergeant (D:5)
  A scorpion (D:4)
  A wight (D:5)
  Crazy Yiuf (D:2)
  Terence (D:2)
  Natasha (thrice) (D:2)
  2 worker ants (D:4)
  4 gnolls (D:3)
  6 adders
  A shadow imp (D:5)
  2 ufetubi
  2 oozes
  2 adder zombies (D:5)
  4 worms
  A dart slug (D:1)
  A leopard gecko (D:1)
  6 orcs
  2 ball pythons
  5 giant cockroaches
  9 goblins
  8 hobgoblins
  6 jackals (D:2)
  A quokka (D:3)
  10 bats
  3 frilled lizards
  8 kobolds
  3 rats
99 creatures vanquished.

Vanquished Creatures (others)
  23 plants (D:1)
23 creatures vanquished.

Grand Total: 122 creatures vanquished

Notes
Turn   | Place    | Note
-------+----------+-------------------------------------------
     0 | D:1      | dohliylev the Gargoyle Fighter began the quest for the Orb.
     0 | D:1      | Reached XP level 1. HP: 14/14 MP: 1/1
   110 | D:1      | Reached XP level 2. HP: 19/19 MP: 2/2
   710 | D:1      | Reached XP level 3. HP: 21/23 MP: 3/3
  1395 | D:2      | Noticed Terence
  1414 | D:2      | Killed Terence
  1415 | D:2      | Reached XP level 4. HP: 14/29 MP: 4/4
  1602 | D:2      | Found a runed translucent door.
  1603 | D:2      | Noticed Crazy Yiuf
  2042 | D:2      | Noticed Natasha
  2043 | D:2      | Killed Natasha
  2044 | D:2      | Reached skill level 4 in Shields
  2044 | D:2      | Reached XP level 5. HP: 30/33 MP: 5/5
  2246 | D:2      | Noticed Natasha
  2263 | D:2      | Killed Natasha
  2476 | D:2      | Killed Crazy Yiuf
  2477 | D:2      | Reached skill level 1 in Dodging
  2577 | D:2      | Noticed Natasha
  2584 | D:2      | Killed Natasha
  2695 | D:3      | Reached XP level 6. HP: 33/38 MP: 6/6
  3283 | D:3      | Found a white marble altar of Elyvilon.
  3424 | D:4      | Found a transporter.
  3425 | D:4      | Noticed a necrophage
  3427 | D:4      | Found a basalt altar of Yredelemnul.
  3429 | D:4      | Noticed Menkaure
  3438 | D:4      | Found a transporter.
  3578 | D:4      | Reached skill level 5 in Shields
  3578 | D:4      | Reached XP level 7. HP: 43/43 MP: 7/7
  3715 | D:4      | Found an ancient bone altar of Kikubaaqudgha.
  3791 | D:4      | Noticed Grinder
  3798 | D:4      | Paralysed by Grinder for 6 turns
  3833 | D:4      | Killed Grinder
  4069 | D:5      | Entered Level 5 of the Dungeon
  4110 | D:5      | Found Foirul's Weapon Emporium.
  4235 | D:5      | Reached skill level 5 in Axes
  4250 | D:5      | Found an opulent altar of Gozag.
  4259 | D:5      | Noticed Blork the orc
  4275 | D:5      | Killed Blork the orc
  4276 | D:5      | Reached XP level 8. HP: 36/48 MP: 8/8
  4289 | D:5      | Reached skill level 6 in Shields
  4308 | D:5      | HP: 2/48 [orc warrior/+0 falchion (2)]
  4309 | D:5      | Mangled by an orc warrior

Illustrated notes

Levels and vault maps discovered:
D:1:      sevenhm_arrival_forest_fort_small_6, layout_basic,
          kennysheep_minor_cross, serial_bayou_lagoon_a, dk_noncrumbling_4,
          hangedman_abyss_or_decor_stabs, serial_bayou_pond_e,
          minmay_misc_feat_nine_boxes, minmay_door_square
D:2:      layout_loops_ring, uniq_terence, uniq_crazy_yiuf_cottage, uniq_natasha
D:3:      layout_basic, lemuel_crystal_altar, hangedman_decor_clover_reticule,
          chequers_serial_rivers_micro_e, minmay_misc_feat_diagonals
D:4:      layout_rooms, gammafunk_temple_of_torment, minmay_goblin_kobold_house,
          uniq_grinder
D:5:      layout_loops_ring, grunt_gozag_statues, serial_shops, shop,
          sword_in_stone, uniq_sigmund

Skill      XL: |  1  2  3  4  5  6  7  8 |
---------------+-------------------------+-----
Axes           | 2 3 4 5 |  5.6
Armour         | 4 |  4.9
Shields        | 4 5 6 |  6.1
Dodging        | 1 2 |  2.4
Fighting       | 4 |  4.7

Action                   |  1- 3 |  4- 6 |  7- 9 || total
-------------------------+-------+-------+-------++-------
Melee: War axe           |   112 |   220 |   114 ||   446
Armor: Scale mail        |    80 |   177 |    52 ||   309
Dodge: Dodged            |    49 |    86 |    37 ||   172
Block: Kite shield       |    80 |   138 |    67 ||   285
